 Dungeon Crawl Stone Soup version 0.27-a0-1123-g2f9bb313c0 (webtiles) character file.

Game seed: 2156066887042805544

28 Azzok the Chopper (level 3, 29/29 HPs)
             Began as a Demonspawn Berserker on May 3, 2021.
             Was a Follower of Trog.
             Quit the game on level 1 of the Dungeon.
             The game lasted 00:00:43 (1122 turns).

Azzok the Chopper (Demonspawn Berserker)            Turns: 1122, Time: 00:00:44

Health: 29/29      AC:  2    Str: 18    XL:     3   Next: 0%
Magic:  3/3        EV: 12    Int:  8    God:    Trog [*.....]
Gold:   44         SH:  4    Dex: 12    Spells: 2/2 levels left

rFire    . . .     SeeInvis .   a - +0 hand axe
rCold    . . .     Faith    .   (no shield)
rNeg     . . .     Spirit   .   b - +0 animal skin
rPois    .         Reflect  .   (no helmet)
rElec    .         Harm     .   (no cloak)
rCorr    .         Rampage  .   (no gloves)
Will     .....                  (no boots)
Stlth    +.........             (no amulet)
HPRegen  0.09/turn              (no ring)
MPRegen  0.08/turn              (no ring)

@: no status effects
A: large bone plates 1, demonic guardian 1
a: Renounce Religion, Berserk


You were on level 1 of the Dungeon.
You worshipped Trog.
Trog was aware of your devotion.
You visited 1 branch of the dungeon, and saw 1 of its levels.

You collected 44 gold pieces.

Inventory:

Hand Weapons
 a - a +0 hand axe (weapon)
Armour
 b - a +0 animal skin (worn)
Scrolls
 e - a scroll of enchant weapon {unknown}
 f - a scroll of teleportation {unknown}
 g - a scroll of amnesia {unknown}
Potions
 c - a potion of curing {unknown}
 d - a potion of haste {unknown}


   Skills:
 - Level 3.0 Fighting
 + Level 3.8 Axes
 - Level 1.7 Armour
 - Level 1.7 Dodging


You had 2 spell levels left.
You didn't know any spells.
Your spell library was empty.

Dungeon Overview and Level Annotations

Branches:
Dungeon (1/15)

Altars:


Innate Abilities, Weirdness & Mutations

You are partially covered in large bone plates. (SH +4)
A weak demonic guardian rushes to your aid.


Message History

You barely miss the goblin.
The goblin is moderately wounded.
The goblin hits you with a +0 club.
You hit the goblin but do no damage.
The goblin is moderately wounded.
The goblin closely misses you.
You hit the goblin but do no damage.
The goblin is moderately wounded.
The goblin hits you but does no damage.
You miss the goblin.
The goblin is moderately wounded.
You block the goblin's attack.
You slash the goblin!
You kill the goblin!
Trog accepts your kill.
You see here a +0 club.
Found a stone staircase leading down.
There is a stone staircase leading down here.
A frilled lizard comes into view.
The frilled lizard hisses angrily.
A frilled lizard is nearby!
A frilled lizard is nearby!
The frilled lizard closely misses you.
You hit the frilled lizard.
You kill the frilled lizard!
Trog accepts your kill.
There is a stone staircase leading down here.
There is a stone staircase leading down here.
An endoplasm and a dart slug come into view.
The endoplasm quivers.
You block the endoplasm's attack.
You slash the endoplasm!
You kill the endoplasm!
Trog accepts your kill.
You have reached level 3!
Your experience leads to an increase in your attributes!
Increase (S)trength, (I)ntelligence, or (D)exterity?
You feel stronger.
Your demonic ancestry asserts itself...
You feel the presence of a demonic guardian.
Are you sure you want to abandon this character and quit the game? (Confirm with "yes".)

▒·▒▒···················()·†··
▒>▒▒·▒············▒▒▒·▒······
▒·▒▒····▒▒▒··▒▒▒▒▒▒ ▒·▒······
▒·····▒·▒ ▒··▒ ▒········
▒·······▒ ▒··▒ ▒·▒······
▒▒▒▒·····▒▒▒ ▒··▒ ▒·▒▒▒▒·▒▒
▒········▒▒▒▒▒··▒ ▒ ▒▒▒▒·▒▒
▒·▒▒············▒ ··▒▒·▒▒
▒·▒▒▒·▒▒·▒▒▒▒▒▒@▒ ▒ ▒·▒▒·▒▒
▒·▒ ▒·▒▒·▒ ▒·▒ ▒· ▒·▒▒·▒▒ ▒·▒
▒·▒▒·▒ ▒w▒ ▒·▒▒▒·▒▒·▒▒ ▒·▒
▒·▒▒·▒ ▒·▒ ▒·····)··▒▒ ▒·▒
▒·▒··▒ ▒·▒ ▒·▒···▒▒▒▒▒
▒·▒▒▒·▒·▒▒ ▒·· ▒▒·▒▒ ▒
▒·▒···▒·▒ ▒▒▒ ▒·▒ ▒
▒·▒·▒▒▒·▒▒ ▒·▒ ▒
▒▒·▒·▒▒···▒▒▒▒▒ ▒·▒ ▒


You could see a dart slug.

Vanquished Creatures
  A gnoll (D:1)
  2 ball pythons (D:1)
  3 endoplasms (D:1)
  3 goblins (D:1)
  3 hobgoblins (D:1)
  A bat (D:1)
  2 frilled lizards (D:1)
  3 rats (D:1)
18 creatures vanquished.

Notes
Turn   | Place    | Note
-------+----------+-------------------------------------------
     0 | D:1      | Azzok the Demonspawn Berserker began the quest for the Orb.
     0 | D:1      | Reached XP level 1. HP: 18/18 MP: 1/1
    85 | D:1      | Gained mutation: You are partially covered in large bone
                  | plates. (SH +4) [demonic ancestry]
    85 | D:1      | Reached XP level 2. HP: 24/24 MP: 2/2
  1122 | D:1      | Gained mutation: A weak demonic guardian rushes to your
                  | aid. [demonic ancestry]
  1122 | D:1      | Reached XP level 3. HP: 29/29 MP: 3/3
  1122 | D:1      | Quit the game

Illustrated notes

Levels and vault maps discovered:
D:1:      kilobyte_arrival_exit_the_forest, layout_loops_ring

Skill      XL: |  1 |
---------------+----+-----
Axes           | 3 |  3.8
Fighting       | |  3.0
Armour         | |  1.7
Dodging        | |  1.7

Action                   || total
-------------------------++-------
Melee: Hand axe          ||    50
Invok: Berserk           ||     1
 Stab: Sleeping          ||     1
Armor: Animal skin       ||     6
Dodge: Dodged            ||    22
Block: Other             ||     5

Table legend: (Time is in decaauts)
 A = Elapsed time spent in this place.
 B = Non-inter-level travel time spent in this place.
 C = Inter-level travel time spent in this place.
 D = Time resting spent in this place.
 E = Time spent auto-exploring this place.
 F = Levels seen in this place.
 G = Mean time per level.
                   A        B        C        D        E       F      G
               +--------+--------+--------+--------+--------+-----+--------+
         Total |   1138 |   1138 |      0 |    156 |    846 |   1 | 1138.0 |
       Dungeon |   1138 |   1138 |      0 |    156 |    846 |   1 | 1138.0 |
               +--------+--------+--------+--------+--------+-----+--------+

Top non-repeatable levels by time:
     D:1: 1138 daAuts
